 Dungeon Crawl Stone Soup version 0.27-a0-1158-gaa87e14f67 (webtiles) character file.

Game seed: 7459170492683542658

147 AtomicRavioli the Charlatan (level 5, -2/45 HPs)
             Began as a Deep Dwarf Artificer on May 15, 2021.
             Slain by an orc
             ... wielding a +0 war axe
              (5 damage)
             ... on level 3 of the Dungeon.
             The game lasted 00:04:44 (2522 turns).

AtomicRavioli the Charlatan (Deep Dwarf Artificer)  Turns: 2522, Time: 00:04:45

Health: -2/45      AC:  5    Str: 16    XL:     5   Next: 8%
Magic:  5/5        EV: 12    Int: 12    God:
Gold:   37         SH:  0    Dex: 13    Spells: 4/4 levels left

rFire    . . .     SeeInvis .   g - +1 dagger (vamp)
rCold    + . .     Faith    .   (no shield)
rNeg     . . .     Spirit   .   m - +2 leather armour {rC+}
rPois    .         Reflect  .   (no helmet)
rElec    .         Harm     .   (no cloak)
rCorr    .         Rampage  .   (no gloves)
Will     .....                  (no boots)
Stlth    ++........             (no amulet)
HPRegen  0.00/turn              (no ring)
MPRegen  0.09/turn              (no ring)

@: no status effects
A: damage resistance, heal wounds, sense surroundings 1, no regeneration
a: Heal Wounds


You were on level 3 of the Dungeon.
You visited 1 branch of the dungeon, and saw 3 of its levels.

You collected 77 gold pieces.
You spent 40 gold pieces at shops.

Inventory:

Hand Weapons
 g - a +1 vampiric dagger (weapon)
 h - a +0 flail
Armour
 m - a +2 leather armour of cold resistance (worn)
Wands
 d - a wand of charming (14)
Scrolls
 a - 2 scrolls of amnesia {unknown}
 j - a scroll of enchant armour {unknown}
 k - a scroll of teleportation
 n - a scroll of noise {unknown}
Potions
 b - a potion of brilliance
 i - a potion of ambrosia {unknown}
 l - a potion of lignification {unknown}
Miscellaneous
 e - a piece from Xom's chessboard (15/15)


   Skills:
 + Level 1.6 Fighting
 + Level 1.6 Short Blades
 + Level 3.6 Armour
 + Level 2.0 Dodging
 * Level 1.6 Stealth
 + Level 5.1 Evocations


You had 4 spell levels left.
You didn't know any spells.
Your spell library was empty.

Dungeon Overview and Level Annotations

Branches:
Dungeon (3/15)

Altars:
Xom

Shops:
D:2 *=(!*   D:3 (


Innate Abilities, Weirdness & Mutations

You are resistant to damage.
You can heal yourself by infusing magical energy.
You passively map a small area around you.
You do not regenerate.


Message History

The orc is heavily wounded.
The orc closely misses you.
You hit the orc.
You feel better.
The orc is severely wounded.
The ball python hisses angrily.
You hit the orc but do no damage.
The orc is severely wounded.
The orc barely misses you.
You hit the orc but do no damage.
The orc is severely wounded.
The orc closely misses you.
You closely miss the orc.
The orc is severely wounded.
The orc hits you but does no damage.
You hit the orc.
You feel better.
The orc is almost dead.
The orc hits you with a +0 war axe.
* * * LOW HITPOINT WARNING * * *
You hit the orc but do no damage.
The orc is almost dead.
The orc barely misses you.
You barely miss the orc.
The orc is almost dead.
The orc hits you with a +0 war axe.
* * * LOW HITPOINT WARNING * * *
You hit the orc but do no damage.
The orc is almost dead.
The orc hits you with a +0 war axe.
You barely miss the orc.
The orc is almost dead.
The orc hits you with a +0 war axe.
* * * LOW HITPOINT WARNING * * *
Aiming: Throw Flame
Press: ? - help, Q - select action, (/) - cycle Shift-Dir - straight line, f/p - orc
Aim: an orc, wielding a +0 war axe and wearing a +0 leather armour (almost dead, 74% to hit)
The puff of flame misses the orc.
The puff of flame hits the ball python.
You kill the ball python!
The now-empty wand crumbles to dust.
The orc hits you with a +0 war axe.
You die...

###..∩....## *#...
* .###.....## #..#
* .# ##...## #..#
.# ##'## #.†###.#
.# #.# #......#
.#####.# #.######
.....#.## #)#
####..†.## #o#
####.....# #@#
........########.#
###^.............#
# ##.#############
# #.# ####.#
.....# ######


You could see an orc.

Vanquished Creatures
  An orc priest (D:3)
  An orc wizard (D:3)
  A gnoll (D:1)
  2 adders
  2 worms (D:3)
  A dart slug (D:2)
  6 orcs (D:3)
  2 bats (D:1)
  An endoplasm (D:2)
  3 giant cockroaches
  3 goblins
  6 hobgoblins
  4 jackals (D:1)
  2 quokkas (D:2)
  3 ball pythons
  10 frilled lizards
  7 kobolds
  3 rats (D:1)
58 creatures vanquished.

Vanquished Creatures (others)
  8 plants (D:3)
8 creatures vanquished.

Grand Total: 66 creatures vanquished

Notes
Turn   | Place    | Note
-------+----------+-------------------------------------------
     0 | D:1      | AtomicRavioli the Deep Dwarf Artificer began the quest for
                  | the Orb.
     0 | D:1      | Reached XP level 1. HP: 16/16 MP: 1/1
   156 | D:1      | Reached skill level 1 in Fighting
   233 | D:1      | Found a faded altar of an unknown god.
   308 | D:1      | Reached XP level 2. HP: 25/25 MP: 2/2
   693 | D:1      | Reached XP level 3. HP: 28/31 MP: 3/3
  1124 | D:2      | Reached skill level 5 in Evocations
  1124 | D:2      | Found Qidurr's General Store.
  1132 | D:2      | Bought a scroll of identify for 26 gold pieces
  1206 | D:2      | Found Jifif's Distillery.
  1213 | D:2      | Bought a potion of degeneration for 14 gold pieces
  1260 | D:2      | Found Qiuskoh's Jewellery Emporium.
  1264 | D:2      | Found Joruxage's Weapon Emporium.
  1462 | D:2      | Found Lymop's Assorted Antiques.
  1711 | D:2      | Reached skill level 1 in Short Blades
  1906 | D:3      | Reached XP level 4. HP: 38/38 MP: 4/4
  1950 | D:3      | Found a shimmering altar of Xom.
  2363 | D:3      | Found Reap's Antique Weapon Emporium.
  2453 | D:3      | Reached XP level 5. HP: 20/44 MP: 5/5
  2522 | D:3      | Slain by an orc

Illustrated notes

Levels and vault maps discovered:
D:1:      dpeg_arrival_water_temple_mockup, layout_basic,
          ebering_ecumenical_altar_sacrificial, minmay_misc_feat_pillars
D:2:      layout_basic, serial_shops, shop, shop, nicolae_shop_window_shopping,
          shop, shop
D:3:      layout_loops_corners, nicolae_overflow_hidden_temple,
          lemuel_tele_altar, serial_shops, shop, minmay_lizard_king

Skill      XL: |  1  2  3  4 |
---------------+-------------+-----
Fighting       | 1 |  1.6
Evocations     | 5 |  5.1
Short Blades   | 1 |  1.6
Armour         | 3 |  3.6
Dodging        | 2 |  2.0
Stealth        | |  1.6

Action                   |  1- 3 |  4- 6 || total
-------------------------+-------+-------++-------
Melee: Club              |    20 |       ||    20
       Dagger            |   182 |   115 ||   297
 Abil: Heal Wounds       |     1 |       ||     1
Evoke: Wand              |     1 |    15 ||    16
  Use: Scroll            |     4 |       ||     4
       Potion            |       |     2 ||     2
Armor: Scale mail        |    95 |       ||    95
       Leather armour    |       |    22 ||    22
Dodge: Dodged            |    89 |    58 ||   147

Table legend: (Time is in decaauts)
 A = Elapsed time spent in this place.
 B = Non-inter-level travel time spent in this place.
 C = Inter-level travel time spent in this place.
 D = Time resting spent in this place.
 E = Time spent auto-exploring this place.
 F = Levels seen in this place.
 G = Mean time per level.
                   A        B        C        D        E       F      G
               +--------+--------+--------+--------+--------+-----+--------+
         Total |   2514 |   2353 |    161 |    100 |   1671 |   3 |  838.0 |
       Dungeon |   2514 |   2353 |    161 |    100 |   1671 |   3 |  838.0 |
               +--------+--------+--------+--------+--------+-----+--------+

Top non-repeatable levels by time:
     D:1: 1037 daAuts
     D:2: 773 daAuts
     D:3: 704 daAuts
